 Dungeon Crawl Stone Soup version 0.22.0-5-gf09313c8f9 (webtiles) character file.

846 Htamos the Fighter (level 7, -9/69 HPs)
             Began as a Centaur Earth Elementalist on Aug 14, 2018.
             Was a Believer of Okawaru.
             Mangled by Menkaure (19 damage)
             ... on level 4 of the Dungeon.
             The game lasted 00:09:42 (5675 turns).

Htamos the Fighter (Centaur Earth Elementalist)     Turns: 5675, Time: 00:09:42

Health: -9/69      AC:  9    Str: 12    XL:     7   Next: 68%
Magic:  9/9        EV:  3    Int: 14    God:    Okawaru [**....]
Gold:   166        SH:  0    Dex: 10    Spells: 8/9 levels left

rFire    . . .     SeeInvis .   b - +0 whip (freeze)
rCold    . . .     Gourm    .   (no shield)
rNeg     . . .     Faith    .   x - +0 chain mail
rPois    .         Spirit   .   q - +1 hat
rElec    .         Reflect  .   m - +0 cloak
rCorr    .         Harm     .   (no gloves)
MR       .....                  (no barding)
Stlth    ..........             (no amulet)
HPRegen  0.21/turn              (no ring)
MPRegen  0.11/turn              (no ring)

@: very quick
A: large, hooves 3, deformed body, speed 2, tough skin 3
a: Heroism, Renounce Religion


You were on level 4 of the Dungeon.
You worshipped Okawaru.
Okawaru was pleased with you.
You were not hungry.

You visited 1 branch of the dungeon, and saw 4 of its levels.

You collected 166 gold pieces.

Inventory:

Hand Weapons
 a - a +0 hunting sling
 b - a +0 whip of freezing (weapon)
 f - a +0 dagger
 g - a +0 whip
Missiles
 r - 15 arrows
 y - 30 stones (quivered)
Armour
 c - a +0 robe
 m - a +0 cloak (worn)
 q - a +1 hat (worn)
 x - a +0 chain mail (worn)
Scrolls
 i - a scroll of amnesia {unknown}
 j - 2 scrolls of fog {unknown}
 k - 3 scrolls of teleportation {unknown}
 l - a scroll of fear {unknown}
 n - 2 scrolls of remove curse {unknown}
 p - 2 scrolls of magic mapping {unknown}
 s - 4 scrolls of identify {unknown}
 w - a scroll of enchant weapon {unknown}
Potions
 e - a potion of might {unknown}
 h - 2 potions of heal wounds {unknown}
 o - a potion of lignification {unknown}
 u - a potion of flight {unknown}
 v - a potion of ambrosia {unknown}
 z - a potion of degeneration {unknown}
Comestibles
 d - 8 rations
 t - 2 chunks of flesh


   Skills:
 + Level 8.6 Fighting
 - Level 1.4 Dodging
 - Level 1.1 Stealth
 - Level 1.5 Spellcasting
   Level 0.8 Transmutations
 - Level 2.7 Earth Magic


You had 8 spell levels left.
You knew the following spells:

 Your Spells              Type           Power        Failure   Level  Hunger
a - Sandblast             Erth           #.....       99%         1    ##.....

Your spell library contained the following spells:

 Spells                   Type           Power        Failure   Level  Hunger
 Stone Arrow              Conj/Erth      #.....       100%        3    ####...
 Passwall                 Tmut/Erth      #.......     100%        2    ###....
 Lee's Rapid Deconstruct  Erth           #.........   100%        5    ######.
 Petrify                  Tmut/Erth      #.......     100%        4    #####..


Dungeon Overview and Level Annotations

Branches:
Dungeon (4/15)
 Temple: D:4-7

Altars:
Okawaru
Qazlal

Annotations:
D:4 Menkaure


Innate Abilities, Weirdness & Mutations

You have hooves in place of feet.
Armour fits poorly on your strangely shaped body.
You cover ground very quickly.
You have extremely tough skin. (AC +3)


Message History

Menkaure is heavily damaged.
You hit Menkaure. Your kick misses Menkaure.
Menkaure is heavily damaged.
Menkaure hits you.
Your chain mail prevents you from hitting Menkaure.
Menkaure is heavily damaged.
Menkaure hits you!
* * * LOW HITPOINT WARNING * * *
Your chain mail prevents you from hitting Menkaure.
Menkaure is heavily damaged.
Menkaure hits you!!
* * * LOW HITPOINT WARNING * * *
You hit Menkaure. Your kick misses Menkaure.
Menkaure is severely damaged.
Menkaure hits you.
* * * LOW HITPOINT WARNING * * *
You barely miss Menkaure.
Menkaure is severely damaged.
Menkaure hits you!!
You die...

#.#######...# #........#.. .
#.......#...# #........#.#####
#.......#...# #........#.#...#
#.......#...# #.########.##..#
#.......#...######.# #...#..#
#.......)........#.#######......#
.#......[##.####.#...........#..#
.#######<##.####.#.#.#####.?.....
.# #)#..##.M@.......?........
########)#..##.#.#.##.####.#.....
.......[....##.#.#.........#.#.#.
########.#..##.#.#.##....#.#.#...
#.#..##.#.#.......#.#.##..
####.#####.#.#.........# #..
#........................ ##.
#.##.#.................#####. ##
#.##.#.#######..##########...


You could see Menkaure.

Vanquished Creatures
  Pikel (D:3)
  An orc warrior (D:3)
  An ogre (D:3)
  2 hounds
  An orc priest (D:4)
  An orc wizard (D:4)
  4 adders
  2 oozes
  2 worms
  3 dart slugs
  A leopard gecko (D:3)
  7 orcs
  5 giant cockroaches
  7 goblins
  10 hobgoblins
  7 jackals
  A ball python (D:1)
  6 bats
  5 frilled lizards
  8 kobolds
  2 rats (D:3)
77 creatures vanquished.

Vanquished Creatures (others)
  A slave (D:4)
  An orc priest (D:4)
  An orc wizard (D:4)
  2 adders (D:4)
  An orc (D:4)
6 creatures vanquished.

Grand Total: 83 creatures vanquished

Notes
Turn   | Place    | Note
-------+----------+-------------------------------------------
     0 | D:1      | Htamos the Centaur Earth Elementalist began the quest for the Orb.
     0 | D:1      | Reached XP level 1. HP: 14/14 MP: 3/3
   317 | D:1      | Reached skill level 1 in Fighting
   411 | D:1      | Reached XP level 2. HP: 23/23 MP: 0/4
   486 | D:1      | Reached skill level 2 in Fighting
   878 | D:1      | Reached XP level 3. HP: 20/30 MP: 1/5
  1517 | D:2      | Reached skill level 3 in Fighting
  1517 | D:2      | Reached XP level 4. HP: 30/39 MP: 6/6
  2090 | D:3      | Found an iron altar of Okawaru.
  2109 | D:3      | Became a worshipper of Warmaster Okawaru
  2230 | D:3      | Reached skill level 4 in Fighting
  2514 | D:3      | Found a stormy altar of Qazlal.
  2814 | D:3      | Reached XP level 5. HP: 47/47 MP: 7/7
  3142 | D:4      | Noticed an orc warrior
  3666 | D:3      | Killed an orc warrior
  3666 | D:3      | Reached skill level 5 in Fighting
  3968 | D:4      | Noticed an ogre
  4008 | D:3      | Killed an ogre
  4008 | D:3      | Reached * piety under Okawaru
  4008 | D:3      | Reached skill level 6 in Fighting
  4008 | D:3      | Reached XP level 6. HP: 32/58 MP: 8/8
  4292 | D:4      | Noticed a slave
  4294 | D:4      | Noticed Pikel
  4307 | D:4      | Noticed a slave
  4326 | D:4      | Noticed a slave
  4331 | D:4      | Noticed a slave
  4529 | D:3      | Killed Pikel
  4529 | D:3      | Reached ** piety under Okawaru
  4529 | D:3      | Reached skill level 8 in Fighting
  4529 | D:3      | Reached XP level 7. HP: 24/69 MP: 9/9
  5586 | D:4      | Noticed Menkaure
  5675 | D:4      | Mangled by Menkaure

Skill      XL: |  1  2  3  4  5  6 |
---------------+-------------------+-----
Fighting       | 1 2 3 4 6 8 |  8.6
Dodging        | |  1.4
Stealth        | |  1.1
Spellcasting   | |  1.5
Transmutations | |  0.8
Earth Magic    | |  2.7

Action                   |  1- 3 |  4- 6 |  7- 9 || total
-------------------------+-------+-------+-------++-------
Melee: Unarmed           |    15 |       |       ||    15
       Dagger            |     5 |       |       ||     5
       Whip              |    29 |    30 |    15 ||    74
       Kick              |     8 |     5 |     2 ||    15
 Fire: Hunting sling     |    11 |   283 |    70 ||   364
 Cast: Sandblast         |    34 |     7 |       ||    41
  Eat: Chunk             |     2 |     4 |       ||     6
       Ration            |       |     1 |     1 ||     2
Armor: Robe              |    15 |    26 |     3 ||    44
       Chain mail        |       |    41 |    30 ||    71
Dodge: Dodged            |    34 |    36 |    17 ||    87
